 Dungeon Crawl Stone Soup version 0.24.0-123-gd5b16e6ec5 (webtiles) character file.

Game seed: 13917639257148021186, levelgen mode: deterministic

659 Curus the Spear-Bearer (level 7, 0/50 HPs)
             Began as a Merfolk Gladiator on Dec 28, 2019.
             Was a Believer of Okawaru.
             Slain by a gnoll
             ... wielding a +0 whip
              (6 damage)
             ... on level 5 of the Dungeon.
             The game lasted 00:27:01 (4091 turns).

Curus the Spear-Bearer (Merfolk Gladiator)          Turns: 4091, Time: 00:27:01

Health: 0/50       AC:  8    Str: 12 (14) XL:     7   Next: 55%
Magic:  6/6        EV: 14    Int:  5 (7)  God:    Okawaru [**....]
Gold:   264        SH:  0    Dex: 16 (18) Spells: 6/6 levels left

rFire    . . .     SeeInvis .   a - +1 trident
rCold    . . .     Gourm    .   (no shield)
rNeg     . . .     Faith    +   b - +1 leather armour
rPois    .         Spirit   .   (helmet restricted)
rElec    .         Reflect  .   (no cloak)
rCorr    +         Harm     .   (no gloves)
MR       .....                  m - +0 pair of boots
Stlth    +.........             n - amulet of faith
HPRegen  0.16/turn              k - ring of resist corrosion
MPRegen  0.10/turn              j - +3 ring of protection

@: no status effects
A: change form in water, swift swim, stealthy swim, antennae 1, low mp 1
a: Heroism, Renounce Religion


You were on level 5 of the Dungeon.
You worshipped Okawaru.
Okawaru was pleased with you.
You were not hungry.

You visited 2 branches of the dungeon, and saw 7 of its levels.

You collected 264 gold pieces.

Inventory:

Hand Weapons
 a - a +1 trident (weapon)
Missiles
 d - 2 throwing nets (quivered)
Armour
 b - a +1 leather armour (worn)
 c - a +0 helmet
 i - a cursed -2 ring mail
 m - a +0 pair of boots (worn)
Jewellery
 j - a +3 ring of protection (right hand)
 k - a ring of resist corrosion (left hand)
 n - an amulet of faith (around neck)
 o - an uncursed ring of fire
Wands
 u - a wand of disintegration (10)
Scrolls
 e - 6 scrolls of remove curse
 g - 5 scrolls of identify
 q - a scroll of teleportation
 s - a scroll of amnesia
 t - a scroll of fear
Potions
 h - 4 potions of flight
 l - a potion of brilliance
 p - 3 potions of curing
 r - a potion of magic
Comestibles
 f - 4 rations


   Skills:
 - Level 2.1 Fighting
 + Level 11.9 Polearms
 - Level 2.0 Throwing
 - Level 4.0 Dodging


You had 6 spell levels left.
You didn't know any spells.
Your spell library was empty.

Dungeon Overview and Level Annotations

Branches:
Dungeon (6/15)             Temple (1/1) D:4

Altars:
Ashenzari
Cheibriados
Hepliaklqana
Kikubaaqudgha
Okawaru
Qazlal
Ru
Sif Muna
Vehumet
Wu Jian
Xom
Zin


Innate Abilities, Weirdness & Mutations

You revert to your normal form in water.
You are very nimble and swift while swimming.
You are very stealthy in the water. (Stealth+)
You have a pair of small antennae on your head.
Your magical capacity is low. (-10% MP)


Message History

You kill the orc!
Okawaru accepts your kill.
You feel your dexterity returning.
You closely miss the gnoll. The gnoll hits you with a +0 whip.
* * * LOW HITPOINT WARNING * * *
You closely miss the gnoll. The gnoll hits you but does no damage.
You hit the gnoll.
The gnoll is moderately wounded.
You hit the gnoll.
The gnoll is moderately wounded.
The gnoll hits you but does no damage.
You puncture the gnoll!
The gnoll is almost dead.
The gnoll completely misses you.
You closely miss the gnoll.
The gnoll is almost dead.
You barely miss the gnoll.
The gnoll is almost dead.
The gnoll hits you with a +0 whip.
You die...

......###.......# #.#
##..............# #.#
#.....###......# #.#
###.......###### #.#
#.####### #.#
#.########## #)#
#.##.......#### #.#
##
#.##.##.....g)#####.#
.#
#.##.##.##.##@†.....#
.#
#...<...##.##########
.# ####.#####.# .####
#.#####.# ....#
#.......# .##.#
######### .##.# .##.#
.##.#


You could see a gnoll.

Vanquished Creatures
  An ice beast (D:5)
  A phantom (D:4)
  2 ogres
  A scorpion (D:5)
  A crimson imp (D:5)
  An orc wizard (D:5)
  2 worker ants
  A gnoll (D:5)
  3 adders
  An ooze (D:5)
  5 worms
  A dart slug (D:3)
  6 leopard geckos
  10 orcs
  10 bats
  3 giant cockroaches
  7 goblins
  7 hobgoblins
  4 jackals (D:1)
  4 kobolds
  A quokka (D:5)
  5 frilled lizards
  A jackal skeleton (D:5)
  A leopard gecko skeleton (D:4)
  7 rats
86 creatures vanquished.

Notes
Turn   | Place    | Note
-------+----------+-------------------------------------------
     0 | D:1      | Curus the Merfolk Gladiator began the quest for the Orb.
     0 | D:1      | Reached XP level 1. HP: 16/16 MP: 1/1
    30 | D:1      | Reached skill level 5 in Polearms
    62 | D:1      | Reached XP level 2. HP: 22/22 MP: 2/2
   490 | D:1      | Reached skill level 6 in Polearms
   490 | D:1      | Reached XP level 3. HP: 12/27 MP: 3/3
  1106 | D:2      | Reached XP level 4. HP: 33/33 MP: 4/4
  1112 | D:2      | Reached skill level 7 in Polearms
  1138 | D:2      | Gained mutation: Your magical capacity is low. (-10% MP)
                  | [potion of mutation]
  1138 | D:2      | Gained mutation: You have a pair of small antennae on your
                  | head. [potion of mutation]
  1537 | D:3      | Found a radiant altar of Vehumet.
  2102 | D:4      | Found a staircase to the Ecumenical Temple.
  2126 | Temple   | Entered the Ecumenical Temple
  2177 | Temple   | Became a worshipper of Warmaster Okawaru
  2197 | D:4      | Noticed an ogre
  2211 | D:4      | Killed an ogre
  2211 | D:4      | Reached skill level 8 in Polearms
  2211 | D:4      | Reached XP level 5. HP: 12/38 MP: 4/4
  2338 | D:4      | Found a stormy altar of Qazlal.
  2379 | D:4      | Reached skill level 9 in Polearms
  2652 | D:4      | Noticed a phantom
  2683 | D:4      | Killed a phantom
  2683 | D:4      | Reached * piety under Okawaru
  2683 | D:4      | Reached XP level 6. HP: 35/44 MP: 5/5
  2821 | D:5      | Entered Level 5 of the Dungeon
  2858 | D:5      | Reached skill level 10 in Polearms
  3002 | D:5      | Found an ancient bone altar of Kikubaaqudgha.
  3273 | D:5      | Reached XP level 7. HP: 29/50 MP: 6/6
  3549 | D:5      | HP: 1/50 [ice beast (14)]
  3938 | D:5      | Reached skill level 11 in Polearms
  4021 | D:5      | Reached ** piety under Okawaru
  4091 | D:5      | Slain by a gnoll

Levels and vault maps discovered:
D:1:      scummos_arrival_forest, layout_basic, serial_bayou_lake_a
D:2:      layout_rooms
D:3:      wad_crossroads, layout_loops_ring, nicolae_overflow_crystal_walls,
          first_ration
D:4:      layout_basic, nicolae_qazlal_general_emergency,
          minmay_temple_entry_waves
D:5:      layout_loops_cross, kiku_gazebo_pond_becter, minmay_misc_feat_rows
D:6:      wander_guarded_unrand_ratskin, layout_rooms,
          nicolae_gozag_seed_capital, basic_altar
Temple:   compressed_dpeg_triangle_lava_temple

Skill      XL: |  1  2  3  4  5  6  7 |
---------------+----------------------+-----
Polearms       | 5 6 8 9 10 11 | 11.9
Fighting       | |  2.1
Throwing       | |  2.0
Dodging        | |  4.0

Action                   |  1- 3 |  4- 6 |  7- 9 || total
-------------------------+-------+-------+-------++-------
Melee: Trident           |   124 |   185 |    86 ||   395
Throw: Throwing net      |     1 |       |       ||     1
  Use: Scroll            |     6 |     6 |       ||    12
       Potion            |     5 |     3 |     1 ||     9
 Stab: Sleeping          |     2 |     2 |       ||     4
       Invisible         |     2 |       |       ||     2
  Eat: Chunk             |       |     4 |       ||     4
       Ration            |       |     1 |     1 ||     2
Armor: Leather armour    |    20 |    28 |    29 ||    77
Dodge: Dodged            |    69 |    89 |    51 ||   209
